 Dungeon Crawl Stone Soup version 0.31-a0-496-g6f97920a28 (webtiles) character file.

Game seed: 14407389489656452729

46 arthad the Trooper (level 3, -4/24 HPs)
             Began as a Gargoyle Fighter on Aug 9, 2023.
             Slain by a gnoll
             ... wielding a +0 halberd
              (7 damage)
             ... on level 2 of the Dungeon.
             The game lasted 00:02:11 (1061 turns).

arthad the Trooper (Gargoyle Fighter)               Turns: 1061, Time: 00:02:12

Health: -4/24      AC: 11    Str: 21    XL:     3   Next: 66%
Magic:  3/3        EV:  9    Int:  8    God:
Gold:   123        SH:  4    Dex:  9    Spells: 2/2 levels left

rFire   . . .        a - +0 flail
rCold   . . .        c - +0 buckler
rNeg    + . .        b - +0 scale mail
rPois   ∞            (no helmet)
rElec   +            (no cloak)
rCorr   .            l - +0 pair of gloves
SInv    .            (no boots)
Will    .....        (no amulet) Stlth
                     (no ring)
HPRegen 0.24/turn    (no ring)
MPRegen 0.08/turn

%: no passive effects
@: mighty
A: sickness immunity, AC +3, negative energy resistance 1, electricity
resistance, torment resistance 1, petrification resistance
a: no special abilities


You were on level 2 of the Dungeon.
You visited 1 branch of the dungeon, and saw 2 of its levels.

You collected 123 gold pieces.

Inventory:

Hand Weapons
 a - a +0 flail (weapon)
Armour
 b - a +0 scale mail (worn)
 c - a +0 buckler (worn)
 l - a +0 pair of gloves (worn)
Magical Staves
 i - a staff of death
Jewellery
 j - a ring of fire
Scrolls
 e - 2 scrolls of identify {unknown}
 h - a scroll of brand weapon {unknown}
 m - a scroll of immolation {unknown}
Potions
 d - a potion of might
 f - a potion of invisibility {unknown}
 g - 2 potions of enlightenment {unknown}
 k - a potion of haste {unknown}


   Skills:
 * Level 4.0 Fighting
 * Level 2.7 Maces & Flails
 + Level 3.6 Armour
 + Level 3.6 Shields


You had 2 spell levels left.
You didn't know any spells.
Your spell library was empty.

Dungeon Overview and Level Annotations

Branches:
Dungeon (2/15)

Altars:


Innate Abilities, Weirdness & Mutations

You are immune to sickness and miasma.
Your stone body is resilient. (AC +3)
You are immune to poison.
You resist negative energy. (rN+)
You are resistant to electric shocks. (rElec)
You are resistant to unholy torment.
You are immune to petrification.


Message History

You are too injured to fight recklessly!
You are too injured to fight recklessly!
You are too injured to fight recklessly!
You are too injured to fight recklessly!
You are too injured to fight recklessly!
You are too injured to fight recklessly!
You are too injured to fight recklessly!
You are too injured to fight recklessly!
You are too injured to fight recklessly!
You are too injured to fight recklessly!
You are too injured to fight recklessly!
You are too injured to fight recklessly!
You hit the gnoll.
The gnoll is moderately wounded.
You block the gnoll's attack. The gnoll barely misses you.
You closely miss the gnoll.
The gnoll is moderately wounded.
The gnoll hits you but does no damage. x2
You completely miss the gnoll.
The gnoll is moderately wounded.
The gnoll hits you but does no damage. The gnoll barely misses you.
You feel very mighty all of a sudden. The gnoll hits you with a +0 whip.
The gnoll barely misses you.
You hit the gnoll.
The gnoll is heavily wounded.
The gnoll hits you but does no damage. The gnoll barely misses you.
The gnoll hits you but does no damage. You block the gnoll's attack.
You barely miss the gnoll.
The gnoll is heavily wounded.
You block the gnoll's attack. The gnoll barely misses you.
You hit the gnoll.
The gnoll is almost dead.
The gnoll hits you with a +0 whip. You block the gnoll's attack.
You hit the gnoll.
You kill the gnoll!
The gnoll hits you from afar with a +0 halberd.
* * * LOW HITPOINT WARNING * * *
Your Fighting skill increases to level 4!
The gnoll hits you with a +0 halberd!
You die...

#..#.##.........####...#####
#..)..'.........+...........
........##.........####........
#....######.......## #....###.
####. ##.....## ##.#.# #. #
##...## #.#.# #. ##'## #.#.# #.
#.# #.... .. #@# ###.# ## #g#
#.# ... #.# ..... ##...#.
##.##.# ... . #.# #


You could see a gnoll.

Vanquished Creatures
  2 gnolls (D:2)
  An adder (D:2)
  A bat (D:2)
  4 endoplasms
  2 goblins
  3 kobolds
  2 quokkas (D:1)
  A ball python (D:1)
  A rat (D:1)
17 creatures vanquished.

Notes
Turn   | Place    | Note
-------+----------+-------------------------------------------
     0 | D:1      | arthad the Gargoyle Fighter began the quest for the Orb.
     0 | D:1      | Reached XP level 1. HP: 14/14 MP: 1/1
   211 | D:1      | Found a faded altar of an unknown god.
   293 | D:1      | Reached XP level 2. HP: 17/19 MP: 2/2
   858 | D:2      | Reached XP level 3. HP: 24/24 MP: 3/3
  1061 | D:2      | Reached skill level 4 in Fighting
  1061 | D:2      | Slain by a gnoll

Illustrated notes

Levels and vault maps discovered:
D:1:      saegor_arrival_simple_d, layout_basic,
          shapermc_ecumenical_altar_totnotflames
D:2:      layout_loops_corners

Skill      XL: |  1  2  3 |
---------------+----------+-----
Fighting       | 4 |  4.0
Maces & Flails | |  2.7
Armour         | |  3.6
Shields        | |  3.6

Action                     || total
---------------------------++-------
  Melee: Flail             ||    49
    Use: Potion            ||     1
 Armour: Scale mail        ||    18
  Dodge: Dodged            ||    19
  Block: Buckler           ||    16

Table legend: (Time is in decaauts)
 A = Elapsed time spent in this place.
 B = Non-inter-level travel time spent in this place.
 C = Inter-level travel time spent in this place.
 D = Time resting spent in this place.
 E = Time spent auto-exploring this place.
 F = Levels seen in this place.
 G = Mean time per level.
                   A        B        C        D        E       F      G
               +--------+--------+--------+--------+--------+-----+--------+
         Total |   1077 |   1055 |     22 |      0 |    904 |   2 |  538.5 |
       Dungeon |   1077 |   1055 |     22 |      0 |    904 |   2 |  538.5 |
               +--------+--------+--------+--------+--------+-----+--------+

Top non-repeatable levels by time:
     D:1: 708 daAuts
     D:2: 368 daAuts
